 Dungeon Crawl Stone Soup version 0.26-a0-50-gc4d14cd842 (webtiles) character file.

Game seed: 9937980476164874240

465 vurker the Magician (level 6, 0/46 HPs)
             Began as a Mummy Ice Elementalist on June 4, 2020.
             Slain by a worker ant (3 damage)
             ... on level 4 of the Dungeon.
             The game lasted 00:07:41 (5197 turns).

vurker the Magician (Mummy Ice Elementalist)        Turns: 5197, Time: 00:07:42

Health: 0/46       AC:  3    Str: 11    XL:     6   Next: 80%
Magic:  20/24      EV: 12    Int: 17    God:
Gold:   316        SH:  0    Dex: 12    Spells: 5/17 levels left

rFire    . . .     SeeInvis .   p - +4 quarterstaff (chaos)
rCold    + . .     Gourm    .   (shield currently unavailable)
rNeg     + + +     Faith    .   a - +0 robe
rPois    ∞         Spirit   .   (no helmet)
rElec    .         Reflect  .   o - +0 cloak
rCorr    .         Harm     .   (no gloves)
MR       .....                  (no boots)
Stlth    ++........             (no amulet)
HPRegen  0.15/turn              b - ring of Gaafy {rF+ Slay+3}
MPRegen  0.19/turn              e - ring of magical power

@: frozen ramparts
A: no food or potions, fire vulnerability, cold resistance 1, negative energy
resistance 3, torment resistance, unbreathing
a: no special abilities


You were on level 4 of the Dungeon.
You were not hungry.

You visited 1 branch of the dungeon, and saw 4 of its levels.

You collected 316 gold pieces.

Inventory:

Hand Weapons
 h - a +2 short sword of speed
   (You found it on level 1 of the Dungeon)
 p - a +4 quarterstaff of chaos (weapon)
   (You took it off Crazy Yiuf on level 3 of the Dungeon)
Armour
 a - a +0 robe (worn)
 o - a +0 cloak (worn)
   (You took it off Crazy Yiuf on level 3 of the Dungeon)
Jewellery
 b - the ring of Gaafy (left hand) {rF+ Slay+3}
   (You found it on level 4 of the Dungeon)

   [ring of protection from fire]

   It affects your accuracy and damage with ranged weapons and melee attacks
   (+3).
   It protects you from fire.
 e - a ring of magical power (right hand)
   (You found it on level 1 of the Dungeon)
 g - an uncursed ring of protection from magic
   (You found it on level 1 of the Dungeon)
Scrolls
 c - a scroll of teleportation {unknown}
 d - 2 scrolls of fear
 i - 3 scrolls of remove curse
 j - a scroll of immolation {unknown}
 k - a scroll of enchant armour
 l - a scroll of magic mapping {unknown}
 n - a scroll of fog {unknown}


   Skills:
 + Level 2.8 Fighting
 - Level 1.5 Dodging
 - Level 1.5 Stealth
 * Level 6.0 Spellcasting
 * Level 5.0 Ice Magic


You had 5 spell levels left.
You knew the following spells:

 Your Spells              Type           Power        Failure   Level  Hunger
a - Freeze                Ice            ###.         1%          1    N/A
b - Frozen Ramparts       Ice            ###...       4%          3    N/A
c - Hailstorm             Conj/Ice       ##......     41%         4    N/A
d - Summon Ice Beast      Ice/Summ       ##......     41%         4    N/A

Your spell library contained the following spells:

 Spells                   Type           Power        Failure   Level  Hunger
 Ozocubu's Armour         Chrm/Ice       ##......     14%         3    N/A

Dungeon Overview and Level Annotations

Branches:
Dungeon (4/15)
 Temple: D:4-7

Altars:
Ashenzari
Fedhas
Kikubaaqudgha
Xom
Zin

Annotations:
D:3 2 transporters


Innate Abilities, Weirdness & Mutations

You do not eat or drink.
Your flesh is vulnerable to fire.
You are immune to poison.
Your flesh is cold resistant. (rC+)
You are immune to negative energy. (rN+++)
You are immune to unholy pain and torment.
You can survive without breathing.


Message History

You barely miss the phantom. You barely miss the phantom. You sock the phantom!
Nothing appears to happen.
The phantom seems less confused.
The phantom hits you but does no damage.
The phantom misses you.
You barely miss the phantom. The phantom barely misses you.
You closely miss the phantom. The phantom barely misses you.
You completely miss the phantom. The phantom hits you.
You sock the phantom!
The phantom seems to speed up.
The phantom hits you!
The phantom blinks!
The phantom barely misses you.
There is a stone staircase leading up here.
You hit the phantom.
The phantom blinks!
The phantom blinks!
The phantom hits you but does no damage.
You hit the phantom. You burn the phantom.
You destroy the phantom!
c - a scroll labeled HUIDUP NUOMONT
Found 13 gold pieces.
Found an ancient bone altar of Kikubaaqudgha.
A worker ant comes into view.
A worker ant is nearby!
The worker ant twitches its antennae in your direction.
A scorpion comes into view.
The worker ant bites you but does no damage.
You hit the worker ant.
The worker ant flickers and vanishes!
Deactivating autopickup; reactivate with Ctrl-A.
Something bites you. Something bites you. The scorpion closely misses you.
You sock something! Something bites you. The scorpion stings you!
Something bites you but does no damage.
You sock the scorpion! You burn the scorpion. Something bites you!
* * * LOW HITPOINT WARNING * * *
The scorpion stings you.
* * * LOW HITPOINT WARNING * * *
Something bites you.
* * * LOW HITPOINT WARNING * * *
The walls around you are covered in ice.
The wall freezes the scorpion.
The scorpion completely misses you. Something bites you.
* * * LOW HITPOINT WARNING * * *
The wall freezes the scorpion.
The scorpion stings you.
* * * LOW HITPOINT WARNING * * *
The wall freezes the scorpion.
You kill the scorpion!
Your Spellcasting skill increases to level 6!
Your Ice Magic skill increases to level 5!
Something bites you.
You die...

..##.# ..#..#
..#[.###########
.))............######
..##................#
.. #...(.........##..#
..##.................#
..........####.####..
..##......##....@## #
.# #......#.......# .#
.###..###.#.......#..#
.##..####....._....$.#
...<...##.#.......#..#
.......##.#.......#..#
.......##.##.....## .#
.......# ###.### .#
.......# .. #


There were no monsters in sight!

Vanquished Creatures
  2 phantoms (D:4)
  A scorpion (D:4)
  An orc priest (D:4)
  Crazy Yiuf (D:3)
  A worker ant (D:4)
  A howler monkey zombie (D:4)
  6 adders
  An ooze (D:4)
  An adder skeleton (D:4)
  A worm (D:2)
  3 dart slugs
  3 leopard geckos
  4 orcs (D:4)
  2 giant cockroaches (D:3)
  3 goblins
  9 hobgoblins
  5 jackals (D:1)
  5 kobolds
  A quokka (D:2)
  2 ball pythons (D:1)
  9 bats
  5 frilled lizards
  8 rats
75 creatures vanquished.

Vanquished Creatures (others)
  5 dream sheep (D:4)
5 creatures vanquished.

Grand Total: 80 creatures vanquished

Notes
Turn   | Place    | Note
-------+----------+-------------------------------------------
     0 | D:1      | vurker the Mummy Ice Elementalist began the quest for the
                  | Orb.
     0 | D:1      | Reached XP level 1. HP: 13/13 MP: 4/4
   423 | D:1      | Reached skill level 3 in Spellcasting
   425 | D:1      | Reached XP level 2. HP: 16/20 MP: 6/6
   784 | D:1      | Reached XP level 3. HP: 20/25 MP: 7/8
   850 | D:1      | Learned a level 3 spell: Frozen Ramparts
   883 | D:1      | Reached skill level 1 in Fighting
  1654 | D:2      | Reached skill level 4 in Spellcasting
  1654 | D:2      | Reached XP level 4. HP: 28/32 MP: 10/10
  1716 | D:2      | Learned a level 4 spell: Hailstorm
  1940 | D:2      | Found a blossoming altar of Fedhas.
  2474 | D:3      | Found a transporter.
  2492 | D:3      | Found a transporter.
  2994 | D:3      | Found a runed translucent door.
  2995 | D:3      | Noticed Crazy Yiuf
  3015 | D:3      | Killed Crazy Yiuf
  3015 | D:3      | Reached XP level 5. HP: 16/38 MP: 11/11
  3635 | D:4      | Found a glowing silver altar of Zin.
  3635 | D:4      | Found a shattered altar of Ashenzari.
  3643 | D:4      | Noticed a dream sheep
  3643 | D:4      | Noticed a dream sheep
  3643 | D:4      | Noticed a dream sheep
  3643 | D:4      | Noticed a dream sheep
  3643 | D:4      | Noticed a dream sheep
  3643 | D:4      | Found a shimmering altar of Xom.
  3648 | D:4      | Killed a dream sheep
  3648 | D:4      | Killed a dream sheep
  3648 | D:4      | Killed a dream sheep
  3648 | D:4      | Killed a dream sheep
  3648 | D:4      | Killed a dream sheep
  3669 | D:4      | Got a brightly glowing tin ring
  3671 | D:4      | Identified the ring of Gaafy {rF+ Slay+3} (You found it on
                  | level 4 of the Dungeon)
  3759 | D:4      | Noticed a phantom
  3773 | D:3      | Learned a level 4 spell: Summon Ice Beast
  3839 | D:4      | Killed a phantom
  3839 | D:4      | Reached skill level 5 in Spellcasting
  3839 | D:4      | Reached XP level 6. HP: 27/45 MP: 13/13
  5182 | D:4      | Found an ancient bone altar of Kikubaaqudgha.
  5196 | D:4      | Reached skill level 6 in Spellcasting
  5196 | D:4      | Reached skill level 5 in Ice Magic
  5197 | D:4      | Slain by a worker ant

Illustrated notes

Levels and vault maps discovered:
D:1:      scummos_arrival_checkerplants, layout_loops_corners,
          hangedman_abyss_or_decor_stabs, serial_bayou_pond_b, hex_large
D:2:      layout_basic, fedhas_altar_2
D:3:      gammafunk_wand_slinger, layout_loops_ring,
          chequers_serial_rivers_large_a, uniq_crazy_yiuf_cottage
D:4:      wad_lake_hut, layout_rooms, kb_xom_exploding_sheep,
          old_standard_altar, gammafunk_temple_overflow_elements, first_ration

Skill      XL: |  1  2  3  4  5  6 |
---------------+-------------------+-----
Spellcasting   | 3 4 5 6 |  6.0
Fighting       | 1 2 |  2.8
Ice Magic      | 4 5 |  5.0
Dodging        | |  1.5
Stealth        | |  1.5

Action                   |  1- 3 |  4- 6 || total
-------------------------+-------+-------++-------
Melee: Dagger            |     7 |       ||     7
       Unarmed           |     1 |       ||     1
       Short sword       |     2 |    13 ||    15
       Quarterstaff      |       |    61 ||    61
 Cast: Freeze            |    56 |    47 ||   103
       Frozen Ramparts   |       |     4 ||     4
  Use: Scroll            |       |     5 ||     5
 Stab: Sleeping          |     1 |     1 ||     2
Armor: Robe              |     9 |    22 ||    31
Dodge: Dodged            |    41 |    58 ||    99

Table legend:
 A = Non-vault XP
 B = Vault XP
 C = Vault XP percentage of total XP
 D = Non-vault monster count
 E = Vault monster count
 F = Vault count percentage of total count
                 A         B        C        D         E       F
            +---------+---------+-------+---------+---------+-------
      Total |     619 |      46 |   6.9 |      69 |       6 |   8.0
            +---------+---------+-------+---------+---------+-------
        D:1 |      44 |       7 |  13.7 |      26 |       5 |  16.1
        D:2 |      80 |       0 |   0.0 |      16 |       0 |   0.0
        D:3 |      46 |      39 |  45.9 |      12 |       1 |   7.7
        D:4 |     449 |       0 |   0.0 |      15 |       0 |   0.0
            +---------+---------+-------+---------+---------+-------
